 Dungeon Crawl Stone Soup version 0.31.0-12-g77e489cdc1 (webtiles) character file.

Game seed: 8632646263764347363

107 Gadfly the Shooter (level 5, 0/32 HPs)
             Began as a Kobold Hunter on Feb 14, 2024.
             Slain by a phantom (6 damage)
             ... on level 4 of the Dungeon.
             The game lasted 00:03:52 (2897 turns).

Gadfly the Shooter (Kobold Hunter)                  Turns: 2897, Time: 00:03:52

Health: 0/32       AC:  4    Str:  9    XL:     5   Next: 10%
Magic:  6/6        EV: 15    Int: 10    God:
Gold:   103        SH:  0    Dex: 20    Spells: 4/4 levels left

rFire   + . .        a - +0 sling (freeze)
rCold   . . .        (no shield)
rNeg    . . .        c - +1 leather armour
rPois   .            (no helmet)
rElec   .            (no cloak)
rCorr   .            (no gloves)
SInv    .            (no boots)
Will    .....        (no amulet)
Stlth   +++          h - ring of protection from fire
HPRegen 0.25/turn    (no ring)
MPRegen 0.10/turn

%: no passive effects
@: no status effects
A: small, no large weapons, nightstalker 3
a: no special abilities


You were on level 4 of the Dungeon.
You visited 1 branch of the dungeon, and saw 4 of its levels.

You collected 103 gold pieces.

Inventory:

Hand Weapons
 a - a +0 sling of freezing (weapon)
 m - a +0 shortbow
Armour
 c - a +1 leather armour (worn)
Jewellery
 h - a ring of protection from fire (left hand)
Wands
 k - a wand of mindburst (13)
Scrolls
 b - a scroll of butterflies
 e - 4 scrolls of teleportation
Potions
 d - a potion of ambrosia
 g - a potion of mutation
 i - a potion of curing
 j - a potion of attraction {unknown}


   Skills:
 + Level 3.0 Fighting
 + Level 5.7 Ranged Weapons
 + Level 3.0 Dodging
 - Level 1.3 Stealth
 * Level 2.2 Invocations
 * Level 2.5 Evocations


You had 4 spell levels left.
You didn't know any spells.
Your spell library contained the following spells:

 Spells                   Type           Power      Damage    Failure   Level
 Lesser Beckoning         Tloc           0%         N/A       63%         2
 Gell's Gravitas          Tloc           0%         N/A       85%         3
 Teleport Other           Tloc           0%         N/A       85%         3
 Volatile Blastmotes      Fire/Tloc      0%         2d10      85%         3
 Fulminant Prism          Conj/Alch      0%         3d5       99%         4
 Iskenderun's Mystic Bla  Conj/Tloc      0%         2d3       99%         4


Dungeon Overview and Level Annotations

Branches:
Dungeon (4/15)
 Temple: D:4-7

Altars:


Innate Abilities, Weirdness & Mutations

You are small and have problems with some larger weapons.
You are completely attuned to the shadows.


Message History

The phantom hits you!
* * * LOW HITPOINT WARNING * * *
The phantom blinks!
You blink.
Fire: a) +0 sling (freeze)
Press: ? - help, Q - select action, (/) - cycle Shift-Dir - straight line, f/p - phantom
Aim: a phantom (heavily damaged, 53% to hit)
You shoot a sling bullet.
The sling bullet barely misses the phantom.
The phantom misses you.
Okay, then.
Fire: a) +0 sling (freeze)
Press: ? - help, Q - select action, (/) - cycle Shift-Dir - straight line, f/p - phantom
Aim: a phantom (heavily damaged, 53% to hit)
You shoot a sling bullet.
The sling bullet barely misses the phantom.
The phantom closely misses you.
Fire: a) +0 sling (freeze)
Press: ? - help, Q - select action, (/) - cycle Shift-Dir - straight line, f/p - phantom
Aim: a phantom (heavily damaged, 53% to hit)
You shoot a sling bullet.
The sling bullet hits the phantom but does no damage.
The phantom is heavily damaged.
The phantom hits you but does no damage.
Fire: a) +0 sling (freeze)
Press: ? - help, Q - select action, (/) - cycle Shift-Dir - straight line, f/p - phantom
Aim: a phantom (heavily damaged, 53% to hit)
You shoot a sling bullet. The sling bullet hits the phantom.
The phantom is heavily damaged.
The phantom misses you.
Fire: a) +0 sling (freeze)
Press: ? - help, Q - select action, (/) - cycle Shift-Dir - straight line, f/p - phantom
Aim: a phantom (heavily damaged, 53% to hit)
You shoot a sling bullet. The sling bullet hits the phantom.
The phantom is severely damaged.
The phantom hits you but does no damage.
The phantom hits you.
* * * LOW HITPOINT WARNING * * *
The phantom blinks!
You blink.
The phantom hits you.
You die...

#........##
#####.....#
#......#
#...ยง.##
#......#
#$....##
#.....#
##W...#
##.@..#
#.....#
##...###
#..<##
#...#
#...## ....
....


You could see a phantom.

Vanquished Creatures
  A bombardier beetle (D:3)
  An adder (D:3)
  A ribbon worm (D:3)
  4 dart slugs
  An orc (D:3)
  3 endoplasms
  A giant cockroach (D:2)
  4 goblins
  3 hobgoblins
  2 jackals (D:1)
  4 quokkas
  8 ball pythons
  4 bats
  2 frilled lizards
  6 kobolds
  4 rats
49 creatures vanquished.

Notes
Turn   | Place    | Note
-------+----------+-------------------------------------------
     0 | D:1      | Gadfly the Kobold Hunter began the quest for the Orb.
     0 | D:1      | Reached XP level 1. HP: 12/12 MP: 1/1
   133 | D:1      | Reached XP level 2. HP: 16/18 MP: 2/2
   166 | D:1      | Reached skill level 1 in Invocations
   166 | D:1      | Reached skill level 1 in Evocations
   483 | D:1      | Reached XP level 3. HP: 22/22 MP: 3/3
  1069 | D:2      | Found a faded altar of an unknown god.
  1839 | D:3      | Reached XP level 4. HP: 27/27 MP: 5/5
  2365 | D:3      | Reached XP level 5. HP: 32/32 MP: 6/6
  2879 | D:4      | Noticed a phantom
  2897 | D:4      | Slain by a phantom

Illustrated notes

Levels and vault maps discovered:
D:1:      lemuel_arrival_lava_pool, layout_loops_ring
D:2:      layout_loops_corners, ebering_ecumenical_altar_webs
D:3:      layout_loops_corners
D:4:      layout_cave_pods

Skill      XL: |  1  2  3  4  5 |
---------------+----------------+-----
Invocations    | 1 2 |  2.2
Evocations     | 1 2 |  2.5
Dodging        | 3 |  3.0
Fighting       | 3 |  3.0
Ranged Weapons | |  5.7
Stealth        | |  1.3

Action                     |  1- 3 |  4- 6 || total
---------------------------+-------+-------++-------
   Fire: Shortbow          |    76 |    31 ||   107
         Sling             |       |    17 ||    17
    Use: Scroll            |     7 |     2 ||     9
 Armour: Leather armour    |     8 |    16 ||    24
  Dodge: Dodged            |    14 |    11 ||    25
